Map: Ephemeron LE

Players

Mez - Winner!

  • Race: Terran Terran
  • League: Master
  • Spawn Location: 11:00

llllllllll

  • Race: Protoss Protoss
  • League: Master
  • Spawn Location: 5:00

VOD

Have the link to the VOD?

Description

Time

  • Played on: Aug. 21, 2019, 10:40 p.m.
  • Length: 13:42
Show
View Real Time Build Order
Export as new Build Order

Mez Terran - Winner!

Build Orders: Reaper Expand 

Get SALT Encoding   

  12  0:00  SCV  
  13  0:12  SCV  
  14  0:17  Supply Depot  
  14  0:24  SCV  
  15  0:38  SCV  
  15  0:40  Barracks  
  16  0:45  Refinery  
  16  0:50  SCV  
  17  1:03  SCV  
  18  1:15  SCV  
  19  1:28  Orbital Command, Reaper  
  20  1:44  Command Center  
  20  1:54  Bunker  
  20  1:55  SCV  
  20  1:58  Supply Depot  
  21  2:02  Marine  
  21  2:07  SCV  
  23  2:23  Barracks Reactor  
  23  2:29  SCV  
  24  2:43  SCV  
  24  2:44  Command Center  
  24  2:48  Factory  
  24  2:55  SCV  
  24  2:56  Orbital Command  
  25  3:00  Marine  
  25  3:03  Marine  
  27  3:10  SCV  
  27  3:11  Refinery  
  28  3:18  Marine  
  29  3:20  Marine  
  29  3:22  SCV  
  29  3:23  SCV  
  32  3:33  Widow Mine, Starport  
  35  3:34  SCV  
  35  3:37  SCV  
  35  3:38  Marine  
  35  3:40  Marine  
  38  3:46  SCV  
  39  3:49  SCV  
  40  3:56  Factory Tech Lab  
  40  3:59  Orbital Command  
  40  4:01  Marine x2  
  40  4:02  Refinery  
  42  4:04  SCV x2  
  44  4:10  Starport Tech Lab  
  44  4:15  Siege Tank  
  44  4:16  SCV x2  
  49  4:23  Supply Depot, Marine x2  
  51  4:26  SCV  
  51  4:28  SCV x2  
  54  4:37  Raven  
  54  4:38  SCV  
  57  4:40  Marine, SCV x2  
  57  4:41  Marine  
  57  4:45  Supply Depot  
  61  4:50  SCV  
  62  4:52  SCV  
  60  5:04  Marine x2  
  60  5:05  Siege Tank  
  65  5:10  Barracks  
  65  5:11  Barracks, Engineering Bay  
  65  5:12  Engineering Bay, SCV x2  
  67  5:17  SCV  
  68  5:21  Refinery  
  68  5:24  SCV  
  69  5:30  Starport Reactor  
  72  5:44  SCV x2  
  74  5:50  SCV  
  74  5:56  Marine, SCV x2  
  77  5:59  Terran Infantry Armor Level 1, Terran Infantry Weapons Level 1  
  77  6:01  Marine  
  77  6:02  SCV  
  76  6:06  Supply Depot x2  
  76  6:07  Supply Depot  
  76  6:10  Barracks  
  76  6:11  Combat Shield, Stimpack  
  76  6:12  Marauder  
  76  6:13  Marauder  
  76  6:14  Factory Reactor, Marine  
  76  6:16  Barracks  
  81  6:32  Marine x2  
  81  6:34  Marauder  
  81  6:35  SCV x3  
  81  6:39  Marauder  
  90  6:41  Medivac x2  
  90  6:43  Orbital Command  
  94  6:49  Supply Depot  
  94  6:50  Supply Depot  
  94  6:52  Supply Depot  
  94  7:08  SCV x3  
  96  7:10  Marauder x2, Barracks Reactor  
  96  7:11  Barracks Tech Lab  
  96  7:13  Widow Mine x2  
  104  7:20  SCV x3  
  107  7:28  Medivac x2, Armory  
  107  7:29  Supply Depot, Marine x2  
  113  7:30  Concussive Shells, Marine  
  113  7:31  Marauder, Supply Depot  
  113  7:32  SCV x2  
  113  7:33  Supply Depot  
  113  7:36  SCV  
  119  7:38  Supply Depot  
  119  7:39  Refinery  
  119  7:44  SCV x2  
  119  7:48  Marine x2, SCV  
  119  7:49  Marauder x2, Refinery, Marine x2  
  130  7:53  Ghost Academy  
  130  8:03  Supply Depot  
  130  8:04  Marauder  
  130  8:05  Supply Depot, Medivac  
  136  8:07  SCV x3  
  136  8:08  Supply Depot  
  136  8:09  Supply Depot  
  136  8:10  Marauder  
  141  8:19  Marine  
  141  8:20  Marine x4  
  141  8:21  Terran Infantry Weapons Level 2  
  141  8:24  Terran Infantry Armor Level 2  
  141  8:25  Marine  
  145  8:31  Marine  
  146  8:35  Command Center  
  146  8:37  Marine  
  147  8:48  Starport, Barracks  
  147  8:49  Barracks x2  
  147  8:51  Medivac  
  147  8:52  Medivac, Factory Reactor  
  147  8:53  Ghost  
  153  8:58  Ghost  
  153  9:02  Marine  
  155  9:03  Marine x3  
  155  9:05  Ghost  
  161  9:17  Liberator x3  
  170  10:03  Barracks Tech Lab x2, Marauder x3  
  170  10:04  Barracks Tech Lab, Marine  
  175  10:15  Marine  
  175  10:16  Marine x2  
  163  10:24  Marauder  
  163  10:25  Marauder x2  
  163  10:28  Marauder x2  
  168  10:30  Marine x2  
  168  10:33  Marine x2  
  168  10:34  Marine  
  160  10:45  Marine  
  160  10:48  Orbital Command  
  155  10:55  Liberator  
  141  11:01  Marauder x4, Marine x5  
  141  11:03  Marine  
  146  11:19  Marauder, Marine x3  
  146  11:21  Marauder  
  146  11:22  SCV  
  146  11:23  SCV x2  
  156  11:34  SCV  
  156  11:35  SCV x2  
  159  11:40  Ghost x5  
  159  11:42  Ghost  
  159  11:44  SCV  
  159  11:46  SCV  
  173  11:47  SCV x2  
  174  11:56  SCV  
  174  11:59  SCV x3  
  166  12:02  Liberator x2  
  158  12:08  Ghost x2, SCV  
  158  12:09  Ghost, Marine x2  
  159  12:23  SCV x3  
  159  12:24  Planetary Fortress  
  159  12:29  Marine  
  163  12:30  Marine x6  
  169  12:37  Marine x3  
  169  12:42  Refinery  
  172  12:47  Marine x2  
  172  12:49  Marauder x3, Marine  
  181  12:54  Refinery  
  181  13:01  Marauder x3, Marine  
  181  13:03  SCV x4  
  181  13:04  Missile Turret  
  181  13:05  Marine x2  
  193  13:07  Marine  
  193  13:10  Marine  
Show
View Real Time Build Order
Export as new Build Order

llllllllll Protoss 

Build Orders: 1 Gate Expand, Blink Stalkers 

Get SALT Encoding   

  12  0:00  Probe  
  13  0:13  Probe  
  14  0:19  Pylon  
  14  0:25  Probe  
  15  0:33  Probe  
  15  0:41  Gateway, Probe  
  16  0:48  Assimilator  
  17  0:51  Probe  
  18  1:03  Probe  
  19  1:16  Probe  
  20  1:33  Cybernetics Core  
  20  1:40  Nexus  
  20  1:44  Pylon  
  20  1:49  Probe  
  21  1:54  Assimilator  
  21  1:59  Probe  
  21  2:00  Adept  
  22  2:07  Probe  
  22  2:11  Warp Gate  
  25  2:15  Probe  
  26  2:29  Stalker  
  26  2:30  Twilight Council  
  28  2:38  Blink, Probe  
  29  2:50  Probe  
  30  2:55  Probe  
  30  3:02  Probe, Stalker  
  33  3:07  Probe  
  34  3:14  Probe  
  34  3:19  Probe  
  36  3:21  Gateway  
  36  3:26  Gateway, Probe  
  37  3:33  Probe  
  38  3:38  Probe, Robotics Facility  
  39  3:45  Probe  
  40  3:50  Probe  
  41  3:57  Pylon  
  41  4:00  Stalker  
  41  4:01  Probe  
  41  4:02  Pylon  
  44  4:03  Probe  
  44  4:07  Assimilator  
  45  4:13  Probe  
  45  4:15  Probe  
  47  4:18  Stalker  
  47  4:19  Observer  
  47  4:20  Stalker  
  51  4:24  Stalker  
  51  4:25  Probe  
  51  4:27  Probe  
  56  4:34  Charge  
  56  4:45  Observer  
  57  4:46  Nexus  
  57  5:02  Probe  
  58  5:09  Forge  
  58  5:10  Pylon  
  58  5:12  Forge  
  58  5:16  Observer x2  
  59  5:24  Probe  
  59  5:25  Probe  
  61  5:29  Pylon  
  61  5:32  Gateway  
  61  5:34  Gateway  
  59  5:36  Immortal  
  59  5:38  Gateway  
  59  5:39  Protoss Ground Weapons Level 1  
  59  5:41  Gateway  
  59  5:45  Probe  
  59  5:46  Probe  
  59  5:49  Zealot x2, Sentry  
  71  5:51  Protoss Ground Armor Level 1  
  71  5:59  Observer  
  72  6:04  Probe x2  
  72  6:06  Probe  
  74  6:11  Pylon  
  74  6:13  Gateway  
  74  6:15  Pylon  
  74  6:16  Probe x2  
  74  6:17  Gateway  
  76  6:19  Observer  
  77  6:26  Probe  
  77  6:28  Probe x2  
  80  6:38  Probe  
  81  6:40  Probe  
  81  6:42  Gateway, Probe  
  81  6:44  Sentry x2  
  81  6:46  Assimilator  
  87  6:50  Probe, Assimilator  
  87  6:52  Probe  
  89  6:57  Zealot, Stalker x2  
  89  6:58  Zealot x2  
  99  7:11  Immortal  
  99  7:13  Probe  
  99  7:14  Probe  
  101  7:19  Observer  
  101  7:20  Probe  
  106  7:25  Protoss Ground Weapons Level 2  
  106  7:31  Templar Archives  
  106  7:32  Pylon  
  106  7:33  Probe  
  106  7:34  Pylon  
  107  7:42  Stalker  
  107  7:44  Protoss Ground Armor Level 2  
  109  7:50  Observer, Warp Prism, Probe  
  112  7:51  Pylon  
  112  7:53  Pylon, Stalker x4  
  112  7:54  Stalker x2  
  112  7:56  Pylon  
  124  8:15  Zealot  
  124  8:17  Observer  
  126  8:22  Zealot, High Templar x2  
  126  8:23  Zealot x4  
  140  8:27  Zealot x2, Archon  
  144  8:35  Nexus  
  144  8:42  Pylon  
  144  8:44  Pylon  
  144  8:45  Pylon  
  144  8:46  Pylon  
  144  8:50  Warp Prism  
  146  8:57  High Templar  
  146  9:02  Zealot x2, High Templar  
  152  9:03  Zealot x2  
  152  9:04  Zealot x3  
  152  9:06  Archon  
  152  9:07  Pylon  
  152  9:09  Zealot  
  166  9:22  Pylon  
  166  9:24  Zealot x2, High Templar x2  
  170  9:25  Zealot x3  
  180  9:31  Pylon, Archon  
  180  9:34  Pylon  
  171  10:09  Zealot x3  
  171  10:10  Zealot x6  
  181  10:20  Zealot  
  161  10:28  Protoss Ground Weapons Level 3, Protoss Ground Armor Level 3  
  155  10:33  Zealot x4  
  155  10:34  High Templar x4, Zealot  
  161  10:43  Archon  
  161  10:44  Robotics Facility  
  157  10:52  Warp Prism, Zealot  
  153  11:06  Psionic Storm  
  153  11:07  Probe x3  
  153  11:09  Assimilator  
  154  11:11  Zealot x4  
  154  11:12  Zealot, Assimilator, Stalker x3  
  154  11:13  Stalker x2  
  154  11:15  Archon  
  174  11:18  Immortal  
  174  11:19  Probe x3  
  177  11:31  Nexus  
  177  11:32  Immortal, Pylon  
  185  11:39  Pylon  
  185  11:44  High Templar x2  
  185  11:45  Zealot x4  
  185  11:46  Sentry  
  199  11:48  Archon  
  199  11:55  Probe  
  170  12:07  Zealot x3  
  170  12:08  Zealot x4  
  126  12:19  High Templar x3  
  124  12:26  Probe x4  
  128  12:38  Archon  
  128  12:41  High Templar  
  128  12:42  Zealot x2  
  128  12:43  Zealot x4  
  142  12:47  Warp Prism  
  142  12:48  Immortal  
  142  12:55  Gateway, High Templar x2  
  142  12:56  Gateway  
  152  12:58  Gateway  
  152  13:01  Stalker  
  153  13:09  Stalker x2  
  151  13:20  Zealot x5  
  151  13:25  Zealot  
Tags
 
Add a new tag
Caveats
  • Supply blocks, unpowered buildings, or Contaminate may cause inaccurate times.
  • Supply counts are checked every 10 seconds.